 Dungeon Crawl Stone Soup version 0.21-a0-552-g593960d (webtiles) character file.

60 polly the Chopper (level 3, 0/31 HPs)
             Began as a Demonspawn Berserker on Dec 17, 2017.
             Was a Believer of Trog.
             Slain by an adder (2 damage)
             ... on level 2 of the Dungeon.
             The game lasted 00:02:23 (1523 turns).

polly the Chopper (Demonspawn Berserker)            Turns: 1523, Time: 00:02:24

Health: 0/31       AC:  2    Str: 18    XL:     3   Next: 80%
Magic:  3/3        EV: 14    Int:  8    God:    Trog [**....]
Gold:   24         SH:  0    Dex: 12    Spells: 2/2 levels left

rFire    . . .     SeeInvis .   a - +0 hand axe
rCold    . . .     Gourm    .   (no shield)
rNeg     . . .     Faith    .   b - +0 animal skin
rPois    .         Spirit   .   (no helmet)
rElec    .         Reflect  .   (no cloak)
rCorr    .         Harm     .   (no gloves)
MR       .....                  (no boots)
Stlth    +++.......             (no amulet)
HPRegen  0.10/turn              (no ring)
MPRegen  0.08/turn              (no ring)

@: lethally poisoned (0 -> -6)
A: repulsion field 1, camouflage 1, nightstalker 1, robust 1
a: Berserk, Trog's Hand, Burn Spellbooks, Renounce Religion


You were on level 2 of the Dungeon.
You worshipped Trog.
Trog was pleased with you.
You were very hungry.

You visited 1 branch of the dungeon, and saw 2 of its levels.

You collected 24 gold pieces.

Inventory:

Hand Weapons
 a - a +0 hand axe (weapon)
Armour
 b - a +0 animal skin (worn)
Jewellery
 g - a cursed amulet of inaccuracy {unknown}
Scrolls
 e - a scroll of remove curse {unknown}
Comestibles
 c - 2 bread rations
 f - a royal jelly


   Skills:
 + Level 3.4 Fighting
 + Level 3.7 Axes
 + Level 1.8 Armour
 + Level 2.0 Dodging
 + Level 0.5 Stealth


You had 2 spell levels left.
You didn't know any spells.

Dungeon Overview and Level Annotations

Branches:
Dungeon (2/15)

Altars:
Uskayaw


Innate Abilities, Weirdness & Mutations

You are surrounded by a mild repulsion field. (EV +2)
You are slightly more attuned to the shadows.
Your skin changes colour to match your surroundings (Stealth+).
You are robust. (+10% HP)


Message History

You are too injured to fight recklessly!
You are too injured to fight recklessly!
You are too injured to fight recklessly!
You are too injured to fight recklessly!
You are too injured to fight recklessly!
You are too injured to fight recklessly!
You are too injured to fight recklessly!
Okay, then.
You hit the adder.
The adder is almost dead.
You hit the adder.
You feel sick. The adder bites you.
* * * LOW HITPOINT WARNING * * *
You are lethally poisoned!
The adder poisons you! The adder bites you.
* * * LOW HITPOINT WARNING * * *
It was a potion of mutation.
You feel extremely strange.
Your skin functions as natural camouflage.
You feel robust. The adder bites you.
You die...

#........ #.8.8.8..
........# ........##
#.!.....# #. #_)..S..##
#.# #.%.S@...# #.#
........#.### #.#
............#####.#####
..8.8.8.....#..........
............#..........
............#..........
#######.........†......
#......(.....††..
#................


You could see 2 adders.

Vanquished Creatures
  2 adders (D:2)
  An ooze (D:1)
  A worm (D:2)
  A dart slug (D:1)
  3 leopard geckos
  5 goblins
  6 hobgoblins
  3 bats
  3 kobolds (D:1)
  4 rats
29 creatures vanquished.

Notes
Turn   | Place    | Note
-------+----------+-------------------------------------------
     0 | D:1      | polly the Demonspawn Berserker began the quest for the Orb.
     0 | D:1      | Reached XP level 1. HP: 18/18 MP: 1/1
   301 | D:1      | Gained mutation: You are surrounded by a mild repulsion field. (EV +2) [demonic ancestry]
   301 | D:1      | Reached XP level 2. HP: 24/24 MP: 2/2
  1196 | D:2      | Gained mutation: You are slightly more attuned to the shadows. [demonic ancestry]
  1196 | D:2      | Reached XP level 3. HP: 21/29 MP: 3/3
  1310 | D:2      | Reached ** piety under Trog
  1510 | D:2      | Found a hide-covered altar of Uskayaw.
  1523 | D:2      | Gained mutation: Your skin changes colour to match your surroundings (Stealth+). [potion of mutation]
  1523 | D:2      | Gained mutation: You are robust. (+10% HP) [potion of mutation]
  1523 | D:2      | Slain by an adder

Vault maps used:
D:1:      minmay_arrival_stone_box, minmay_cut_off
D:2:      eat_drink_and_be_merry_uskayaw, uniq_sigmund

Skill      XL: |  1  2  3 |
---------------+----------+-----
Axes           | 3 |  3.7
Dodging        | 2 |  2.0
Fighting       | |  3.4
Armour         | |  1.8
Stealth        | |  0.5

Action                   || total
-------------------------++-------
Melee: Hand axe          ||   112
  Use: Potion            ||     1
 Stab: Sleeping          ||     3
  Eat: Chunk             ||     1
Armor: Animal skin       ||    16
Dodge: Dodged            ||    82

Table legend:
 A = Spawn XP
 B = Non-spawn XP
 C = Spawn XP percentage of total XP
 D = Spawn monster count
 E = Non-spawn monster count
 F = Spawn count percentage of total count
 G = Total turns spent on level
                    A         B        C        D         E        F      G
               +---------+---------+-------+---------+---------+-------+---------
         Total |       0 |      86 |   0.0 |       0 |      29 |   0.0 |  1523
               +---------+---------+-------+---------+---------+-------+---------
           D:1 |       0 |      40 |   0.0 |       0 |      19 |   0.0 |  1172
           D:2 |       0 |      46 |   0.0 |       0 |      10 |   0.0 |   351
               +---------+---------+-------+---------+---------+-------+---------
